 Dungeon Crawl Stone Soup version 0.22-a0-422-g9628fc8 (webtiles) character file.

178 DrEnzyme the Skirmisher (level 5, -7/47 HPs)
             Began as a Gnoll Wanderer on May 20, 2018.
             Killed from afar by an orc wizard (10 damage)
             ... with a puff of flame
             ... on level 3 of the Dungeon.
             The game lasted 00:10:20 (3555 turns).

DrEnzyme the Skirmisher (Gnoll Wanderer)            Turns: 3555, Time: 00:10:20

Health: -7/47      AC: 10    Str: 17    XL:     5   Next: 58%
Magic:  7/7        EV:  9    Int: 13    God:
Gold:   134        SH:  0    Dex: 14    Spells: 7/7 levels left

rFire    x . .     SeeInvis .   p - +0 flail
rCold    + . .     Gourm    .   (no shield)
rNeg     . . .     Faith    .   a - +2 scale mail
rPois    .         Spirit   .   o - +0 helmet
rElec    .         Reflect  .   (no cloak)
rCorr    .         Harm     .   (no gloves)
MR       .....                  g - +0 pair of boots (curse)
Stlth    ..........             i - amulet of inaccuracy (curse)
HPRegen  0.15/turn              e - ring of loudness (curse)
MPRegen  0.10/turn              s - ring of ice

@: drained
A: distributed training, fangs 1, strong nose
a: no special abilities


You were on level 3 of the Dungeon.
You were very hungry.

You visited 1 branch of the dungeon, and saw 3 of its levels.

You collected 134 gold pieces.

Inventory:

Hand Weapons
 b - a +0 short sword
 p - a +0 flail (weapon)
 t - a +0 whip of draining
Missiles
 q - a throwing net (quivered)
Armour
 a - a +2 scale mail (worn)
 g - a cursed +0 pair of boots (worn)
 o - a +0 helmet (worn)
 r - a +0 chain mail
Jewellery
 e - a cursed ring of loudness (left hand)
 i - a cursed amulet of inaccuracy (around neck)
 j - an uncursed ring of flight
 s - a ring of ice (right hand)
Scrolls
 c - 2 scrolls of teleportation
 k - 2 scrolls of identify
Potions
 h - a potion of curing
 l - a potion of brilliance
 m - 2 potions of heal wounds {unknown}
Comestibles
 d - 7 rations


   Skills:
 + Level 6.7(5.8) Fighting
 + Level 3.0(2.2) Short Blades
 + Level 1.5(0.7) Long Blades
 + Level 1.5(0.7) Axes
 + Level 4.8(4.0) Maces & Flails
 + Level 1.5(0.7) Polearms
 + Level 1.5(0.7) Staves
 + Level 1.5(0.7) Slings
 + Level 1.5(0.7) Bows
 + Level 1.5(0.7) Crossbows
 + Level 4.8(4.0) Throwing
 + Level 3.0(2.2) Armour
 + Level 1.5(0.7) Dodging
 + Level 2.8(2.0) Stealth
 + Level 1.5(0.7) Shields
 + Level 1.5(0.7) Unarmed Combat
 + Level 1.5(0.7) Spellcasting
 + Level 1.2(0.4) Conjurations
 + Level 1.2(0.4) Hexes
 + Level 1.2(0.4) Charms
 + Level 1.2(0.4) Summonings
 + Level 1.2(0.4) Necromancy
 + Level 1.2(0.4) Translocations
 + Level 1.2(0.4) Transmutations
 + Level 1.2(0.4) Fire Magic
 + Level 1.2(0.4) Ice Magic
 + Level 1.2(0.4) Air Magic
 + Level 1.2(0.4) Earth Magic
 + Level 1.2(0.4) Poison Magic
 + Level 1.7(0.9) Invocations
 + Level 1.5(0.7) Evocations


You had 7 spell levels left.
You didn't know any spells.
Your spell library was empty.

Dungeon Overview and Level Annotations

Branches:
Dungeon (3/15)

Altars:


Innate Abilities, Weirdness & Mutations

Your experience applies equally to all skills.
You have very sharp teeth.
Your uncanny sense of smell can sniff out nearby items.


Message History

You barely miss something. Something hits you but does no damage.
Something hits you.
* * * LOW HITPOINT WARNING * * *
You completely miss something.
The orc shouts!
Your punch misses something. Something hits you but does no damage.
Something hits you but does no damage. Something hits you but does no damage.
Something hits you but does no damage. Something hits you.
* * * LOW HITPOINT WARNING * * *
You hear some strange, mumbled words.
A magic dart appears from out of thin air!
The magic dart hits you!
* * * LOW HITPOINT WARNING * * *
Something hits you but does no damage.
You hear some strange, mumbled words.
A puff of flame appears from out of thin air!
The puff of flame hits you! The fire burns you terribly!
You die...

#.# ##...## #..# #.#
##...###'#### #.#
##...##....# #.#
#...##....# #.####
##...#....# #....#
#...#...## #########
#...###.# #.# #.......#
###.# #@####### #####
#...###.##### #....
#...'..{....### #....
#.>.###o##....# #....
#.......#####.# #....
#...........#.######....
###.........#.....#.#'##
#####.....#.......#.#
#####.....#.###.#.#.##


You could see an orc.

Vanquished Creatures
  A hound (D:3)
  An orc wizard (D:3)
  3 gnolls
  3 adders (D:2)
  2 worms
  A dart slug (D:2)
  A leopard gecko (D:1)
  5 orcs (D:3)
  A ball python (D:2)
  A bat (D:1)
  A giant cockroach (D:1)
  6 goblins
  6 hobgoblins
  A jackal (D:1)
  2 quokkas
  4 frilled lizards
  7 kobolds
  4 rats
50 creatures vanquished.

Notes
Turn   | Place    | Note
-------+----------+-------------------------------------------
     0 | D:1      | DrEnzyme the Gnoll Wanderer began the quest for the Orb.
     0 | D:1      | DrEnzyme set off with: a +2 scale mail, a +0 short sword, a scroll of teleportation, a ration
     0 | D:1      | Reached XP level 1. HP: 23/23 MP: 1/1
   224 | D:1      | Reached XP level 2. HP: 27/29 MP: 2/2
  1140 | D:2      | Reached XP level 3. HP: 22/35 MP: 3/3
  1390 | D:1      | Reached skill level 1 in Invocations
  1577 | D:2      | Reached skill level 1 in Long Blades
  1577 | D:2      | Reached skill level 1 in Axes
  1577 | D:2      | Reached skill level 1 in Polearms
  1577 | D:2      | Reached skill level 1 in Staves
  1577 | D:2      | Reached skill level 1 in Slings
  1577 | D:2      | Reached skill level 1 in Bows
  1577 | D:2      | Reached skill level 1 in Crossbows
  1577 | D:2      | Reached skill level 1 in Dodging
  1577 | D:2      | Reached skill level 1 in Shields
  1577 | D:2      | Reached skill level 1 in Unarmed Combat
  1577 | D:2      | Reached skill level 1 in Spellcasting
  1577 | D:2      | Reached skill level 1 in Evocations
  1740 | D:2      | Reached XP level 4. HP: 39/41 MP: 5/5
  2076 | D:2      | Reached skill level 1 in Conjurations
  2076 | D:2      | Reached skill level 1 in Hexes
  2076 | D:2      | Reached skill level 1 in Charms
  2076 | D:2      | Reached skill level 1 in Summonings
  2076 | D:2      | Reached skill level 1 in Necromancy
  2076 | D:2      | Reached skill level 1 in Translocations
  2076 | D:2      | Reached skill level 1 in Transmutations
  2076 | D:2      | Reached skill level 1 in Fire Magic
  2076 | D:2      | Reached skill level 1 in Ice Magic
  2076 | D:2      | Reached skill level 1 in Air Magic
  2076 | D:2      | Reached skill level 1 in Earth Magic
  2076 | D:2      | Reached skill level 1 in Poison Magic
  2574 | D:3      | Reached XP level 5. HP: 42/47 MP: 5/7
  3555 | D:3      | Killed from afar by an orc wizard

Vault maps used:
D:1:      scummos_arrival_simple_crosswalls, minmay_misc_feat_rugged
D:2:      cheibrodos_old_hovel, first_ration
D:3:      serial_curves, eino_curves_04, eino_curves_02, eino_curves_03,
          eino_curves_03

Skill      XL: |  1  2  3  4  5 |
---------------+----------------+-----
Invocations    | 1 |  1.7
Long Blades    | 1 |  1.5
Axes           | 1 |  1.5
Polearms       | 1 |  1.5
Staves         | 1 |  1.5
Slings         | 1 |  1.5
Bows           | 1 |  1.5
Crossbows      | 1 |  1.5
Dodging        | 1 |  1.5
Shields        | 1 |  1.5
Unarmed Combat | 1 |  1.5
Spellcasting   | 1 |  1.5
Evocations     | 1 |  1.5
Conjurations   | 1 |  1.2
Hexes          | 1 |  1.2
Charms         | 1 |  1.2
Summonings     | 1 |  1.2
Necromancy     | 1 |  1.2
Translocations | 1 |  1.2
Transmutations | 1 |  1.2
Fire Magic     | 1 |  1.2
Ice Magic      | 1 |  1.2
Air Magic      | 1 |  1.2
Earth Magic    | 1 |  1.2
Poison Magic   | 1 |  1.2
Short Blades   | 3 |  3.0
Armour         | 3 |  3.0
Fighting       | |  6.7
Maces & Flails | |  4.8
Throwing       | |  4.8
Stealth        | |  2.8

Action                   |  1- 3 |  4- 6 || total
-------------------------+-------+-------++-------
Melee: Short sword       |   138 |   101 ||   239
       Bite              |    10 |    28 ||    38
       Flail             |       |   112 ||   112
 Abil: Evoke Flight      |       |     2 ||     2
  Use: Scroll            |     3 |     3 ||     6
  Eat: Chunk             |     3 |     5 ||     8
Armor: Scale mail        |   107 |   120 ||   227
Dodge: Dodged            |   117 |    80 ||   197

Table legend:
 A = Spawn XP
 B = Non-spawn XP
 C = Spawn XP percentage of total XP
 D = Spawn monster count
 E = Non-spawn monster count
 F = Spawn count percentage of total count
 G = Total turns spent on level
                    A         B        C        D         E        F      G
               +---------+---------+-------+---------+---------+-------+---------
         Total |       0 |     255 |   0.0 |       0 |      50 |   0.0 |  3555
               +---------+---------+-------+---------+---------+-------+---------
           D:1 |       0 |      40 |   0.0 |       0 |      14 |   0.0 |  1185
           D:2 |       0 |      94 |   0.0 |       0 |      19 |   0.0 |  1359
           D:3 |       0 |     121 |   0.0 |       0 |      17 |   0.0 |  1011
               +---------+---------+-------+---------+---------+-------+---------
